[Event "XVII Profigaia Open 2017"]
[Site "Gaia"]
[Date "2017.06.14"]
[Round "1"]
[White "Frois, Antonio"]
[Black "Oliveira, Afonso Duarte Q"]
[Result "1-0"]
[ECO "C78"]
[WhiteElo "2278"]
[BlackElo "1104"]
[Annotator "ChessBase"]
[PlyCount "35"]
[EventDate "2017.??.??"]
[EventType "swiss"]
[EventCountry "POR"]
[SourceTitle "playchess.com"]
[Source "ChessBase"]
[SourceQuality "1"]
[TimeControl "5400+30"]

1. e4 e5 2. Nf3 Nc6 3. Bb5 a6 4. Ba4 Nf6 5. O-O Bd6 6. d4 Nxe4 7. Re1 Nf6 8. dxe5 Bc5 9. exf6+ Kf8 10. Bg5 gxf6 11. Bh6+ Kg8 12. Qe2 Qe7 13. Qd2 Ne5 14. Nc3 d6 15. Qf4 Bg4 16. Rxe5 fxe5 17. Qxg4+ Qg5 18. Qxg5# 1-0

[Event "XVII Profigaia Open 2017"]
[Site "Gaia"]
[Date "2017.06.14"]
[Round "1"]
[White "Santos, Ricardo"]
[Black "Soares, Sara Joana De Moura"]
[Result "1-0"]
[ECO "C78"]
[WhiteElo "2088"]
[BlackElo "1183"]
[Annotator "NA RC"]
[PlyCount "95"]
[EventDate "2017.??.??"]
[EventType "swiss"]
[EventCountry "POR"]
[SourceTitle "playchess.com"]
[Source "ChessBase"]
[SourceQuality "1"]
[TimeControl "5400+30"]

1. e4 e5 2. Nf3 Nc6 3. Bb5 a6 4. Ba4 Nf6 5. O-O b5 6. Bb3 Bc5 7. c3 Bb6 8. d4 {[%emt 0:01:01] C78: Ruy Lopez: Archangelsk and Möller Defences} O-O 9. Re1 d6 10. h3 h6 11. a4 (11. Be3 Rb8 12. Nbd2 Re8 13. a3 Na5 14. Ba2 c5 15. b4 cxd4 16. cxd4 Nc6 17. dxe5 dxe5 {½-½ (40) Areshchenko,A (2691)-Fedorchuk,S (2634) Kiev 2012}) 11... Be6 $146 ({Predecessor:} 11... Bb7 12. d5 Ne7 13. Nbd2 c6 14. dxc6 Bxc6 15. c4 Ng6 16. Qc2 Rc8 17. Qb1 Nf4 18. Nf1 bxc4 19. Bxc4 Bxe4 20. Rxe4 Nxe4 21. Qxe4 {0-1 (65) Veszpremi,A (2256)-Szabo,K (2546) Hungary 2011}) 12. d5 Bd7 13. dxc6 Bxc6 14. Nbd2 Qd7 15. Bc2 Rfe8 16. Nf1 bxa4 17. Bxa4 Bxa4 18. Qxa4 Qxa4 19. Rxa4 Kh7 20. Be3 Reb8 21. Bxb6 Rxb6 22. b4 Rc6 23. Ra3 Nd7 24. Rea1 Nb6 25. Ne3 Nc4 26. Nxc4 Rxc4 27. Nd2 Rc6 {[%emt 0:00:41] [#]} 28. b5 $1 Rb6 29. Rxa6 Raxa6 30. bxa6 Rb8 31. Nb3 Ra8 32. a7 Kg6 33. c4 Kf6 34. c5 Ke6 35. Ra6 Kd7 36. cxd6 cxd6 37. Na5 Kc7 38. Nc4 Kb7 39. Ra1 Kc6 40. Kf1 f6 41. Ke2 g6 42. Kd3 f5 43. f3 h5 44. h4 Kd7 45. Nb6+ Kc6 46. Nxa8 Kb7 {[%emt 0:00:13] [#]} 47. Nb6 $1 Kxb6 48. a8=Q 1-0

[Event "XVII Profigaia Open 2017"]
[Site "Gaia"]
[Date "2017.06.14"]
[Round "1"]
[White "Margarido, Jose Miguel Teixeir"]
[Black "Marques, Ricardo Taborda Tri"]
[Result "1-0"]
[ECO "C42"]
[WhiteElo "2038"]
[BlackElo "1714"]
[Annotator "NA RC"]
[PlyCount "49"]
[EventDate "2017.??.??"]
[EventType "swiss"]
[EventCountry "POR"]
[SourceTitle "playchess.com"]
[Source "ChessBase"]
[SourceQuality "1"]
[TimeControl "5400+30"]

1. e4 e5 2. Nf3 Nf6 3. Nxe5 d6 4. Nf3 Nxe4 5. Nc3 Nxc3 6. dxc3 Nc6 7. Be3 {[%emt 0:00:26] C42: Petroff Defence: 3 Nxe5 and unusual White 3rd moves} Be6 (7... Be7 8. Qd2 Be6 9. O-O-O Qd7 10. Kb1 Bf6 11. h4 (11. h3 a6 12. g4 h6 13. Bg2 Na5 14. Nd4 Nc4 {0-1 (41) Zhou,G (2239)-Ren,X (2157) China 2016}) 11... O-O-O 12. Nd4 Nxd4 13. Bxd4 Be5 14. Be2 g6 15. h5 Qa4 16. c4 Qc6 {1-0 (24) Leko,P (2693)-Wei,Y (2707) Doha 2016}) 8. Qd2 a5 $146 9. Be2 Be7 10. Ng5 Bf5 (10... Bxg5 $5 11. Bxg5 Qd7 $11) 11. g4 Bxg5 (11... Bd7 $11) 12. Bxg5 f6 13. gxf5 fxg5 14. Bh5+ Kd7 (14... g6 $1 $11 15. fxg6 Qe7+ 16. Qe2 O-O-O) 15. O-O-O Ne5 16. Rhg1 g6 {[%emt 0:05:33] [#]} 17. Be2 $1 h6 (17... g4 $16) 18. f4 gxf4 19. Qxf4 ({Don't take} 19. fxg6 $6 Qf6 $16) 19... Qf6 20. Qa4+ Nc6 $2 (20... c6) 21. fxg6 Rhg8 (21... Kc8 $142 22. Rdf1 Qg7) 22. Rdf1 Qe5 23. Qg4+ Kd8 24. g7 Ke7 $18 25. Bc4 1-0

[Event "XVII Profigaia Open 2017"]
[Site "Gaia"]
[Date "2017.06.14"]
[Round "1"]
[White "De Sousa Da Silva, Armando"]
[Black "Fernandes, Tiago Joao Carneiro"]
[Result "0-1"]
[ECO "A03"]
[WhiteElo "1926"]
[BlackElo "1182"]
[Annotator "NA RC"]
[PlyCount "79"]
[EventDate "2017.??.??"]
[EventType "swiss"]
[EventCountry "POR"]
[SourceTitle "playchess.com"]
[Source "ChessBase"]
[SourceQuality "1"]
[TimeControl "5400+30"]

1. f4 d5 2. Nf3 Bf5 3. e3 {[%emt 0:00:23] A03: Bird's Opening with 1...d5} e6 4. b3 (4. g3 h5 5. d3 h4 6. Nxh4 Rxh4 7. gxh4 Qxh4+ 8. Kd2 d4 9. Qe1 dxe3+ 10. Kd1 {½-½ (52) Bricard,E (2489)-Prie,E (2510) Pau 2012}) 4... Bd6 5. Bb2 f6 6. Nd4 Ne7 7. Nxf5 $146 ({Predecessor:} 7. d3 c5 8. Nf3 Nbc6 9. Nbd2 d4 10. e4 Bg4 {½-½ (26) Stephan,J-Bauer,R (2315) Germany 1996}) 7... Nxf5 8. Qh5+ g6 9. Qh3 Nd7 10. Nc3 c6 11. Bd3 Ng7 $2 {[%emt 0:02:10] [#]} (11... Nc5 $11) 12. Bxg6+ $1 Ke7 13. Bd3 Qg8 14. O-O-O b5 (14... Kd8 $16 15. Kb1 Kc7) 15. Ne2 Nc5 16. Kb1 a6 17. Qh6 e5 (17... Qf7 $16 18. g4 Nxd3) 18. fxe5 fxe5 19. Qg5+ Ke8 $2 (19... Kd7 {is a better defense.} 20. Bxe5 Nge6) 20. Bxe5 Nce6 21. Qg3 Bf8 (21... Bxe5 $142 22. Qxe5 Qf7) 22. e4 Nc5 23. exd5 cxd5 24. Nf4 Ra7 25. Rde1 Qf7 26. Bxg7+ Kd8 27. Bxh8 Bd6 28. Be5 Bf8 29. Rhf1 Re7 30. Ne6+ Qxe6 31. Rxf8+ Kd7 32. Bf5 Qxf5 33. Rxf5 Nb7 34. Ref1 Nd8 35. Bf6 Ke8 36. Qg8+ (36. Qd6 $142 Rd7 37. Re5+ Kf7 38. Qxd7+ Kg8 39. Qg7#) 36... Kd7 37. Rxd5+ Kc6 38. Qxd8 Re6 39. Qd7+ Kb6 40. Bd8# 0-1

[Event "XVII Profigaia Open 2017"]
[Site "Gaia"]
[Date "2017.06.14"]
[Round "1"]
[White "Duarte, Duarte"]
[Black "Mesquita, Goncalo Sincero Cos"]
[Result "1-0"]
[ECO "D53"]
[WhiteElo "1916"]
[BlackElo "1173"]
[Annotator "NA RC"]
[PlyCount "90"]
[EventDate "2017.??.??"]
[EventType "swiss"]
[EventCountry "POR"]
[SourceTitle "playchess.com"]
[Source "ChessBase"]
[SourceQuality "1"]
[TimeControl "5400+30"]

1. d4 d5 2. c4 e6 3. Nc3 Nf6 4. Bg5 Be7 5. e3 Ne4 6. Bxe7 Qxe7 7. Bd3 {[%emt 0:06:23] D53: Queen's Gambit Declined: 4 Bg5 Be7: Early deviations} Nxc3 8. bxc3 Qa3 $146 ({Predecessor:} 8... dxc4 9. Bxc4 O-O 10. Nf3 b6 11. O-O Bb7 12. Re1 c5 13. e4 cxd4 14. cxd4 Rd8 15. Qe2 Nc6 16. Rad1 Rac8 17. d5 Na5 18. Bd3 exd5 {1-0 (35) Vokac,M (2455)-Dolezal,R (2396) Teplice 2006}) 9. Qc2 Nd7 10. Nf3 Nf6 11. O-O Bd7 12. Rab1 Rb8 13. c5 Ba4 $1 14. Qd2 Ne4 $2 (14... O-O $14) 15. Bxe4 $1 dxe4 {[%emt 0:00:12] [#]} 16. Ng5 $2 (16. Ne5 $1 $18 Bd7 17. Qe2) 16... Bc6 17. Qc2 a6 (17... b6 $14) 18. Nxe4 Bxe4 (18... Qa4 $16 {was worth a try.} 19. Qxa4 Bxa4) 19. Qxe4 O-O 20. Qc2 (20. Rxb7 $18 Qxa2 21. Rxc7) 20... Rfe8 21. Rb3 Qa4 22. Qb2 Re7 (22... b6 {keeps fighting.} 23. Rb1 (23. cxb6 Rxb6 24. Rxb6 cxb6 $16) 23... Rec8) 23. Rxb7 Rxb7 24. Qxb7 g6 25. Qb3 Qb5 26. Qxb5 axb5 27. Rb1 c6 28. a3 Ra7 29. Rb3 Kg7 30. Kf1 Ra5 31. Ke2 Kf6 32. Kd3 Ke7 33. c4 bxc4+ 34. Kxc4 Ra4+ 35. Kc3 h5 36. Rb7+ Ke8 37. Kb3 Ra6 38. Rb6 Rxb6+ 39. cxb6 Kd8 40. Kc4 Kc8 41. Kc5 Kb7 42. a4 f6 43. a5 e5 44. Kd6 exd4 45. exd4 f5 1-0

[Event "XVII Profigaia Open 2017"]
[Site "Gaia"]
[Date "2017.06.14"]
[Round "1"]
[White "Moura, Paulo Jorge Alves B"]
[Black "Andrade, Ricardo Sarmento"]
[Result "0-1"]
[ECO "A46"]
[WhiteElo "1913"]
[BlackElo "1754"]
[Annotator "NA RC"]
[PlyCount "106"]
[EventDate "2017.??.??"]
[EventType "swiss"]
[EventCountry "POR"]
[SourceTitle "playchess.com"]
[Source "ChessBase"]
[SourceQuality "1"]
[TimeControl "5400+30"]

1. d4 Nf6 2. Nf3 c5 3. e3 e6 4. c4 b6 5. Nc3 cxd4 {[%emt 0:01:35] E14: Queen's Indian: Classical Variation (4 e3)} (5... Be7 6. d5 exd5 7. cxd5 d6 8. h3 O-O 9. e4 Re8 10. Bd3 Ba6 11. O-O Bxd3 12. Qxd3 a6 13. a4 Nbd7 14. Bf4 Qc7 15. Nd2 Bf8 16. Rfe1 Ne5 17. Bxe5 Rxe5 18. Nc4 Ree8 19. f4 Nd7 {½-½ (19) Yemelin,V (2558)-Tazbir,M (2521) Czech Republic 2017}) 6. Nxd4 Bb7 7. b3 Be7 8. Bb2 O-O 9. Nf3 Na6 $146 ({Predecessor:} 9... d5 10. Rc1 Nbd7 11. Be2 dxc4 12. Bxc4 a6 13. a4 Rc8 14. Qe2 Rc7 15. O-O Bxf3 16. gxf3 {0-1 (38) Kostava,E (1756)-Prakapuk,V (1908) Khanty-Mansiysk 2016}) 10. Be2 d5 11. O-O dxc4 12. bxc4 Qxd1 13. Rfxd1 Nc5 14. Nd4 g6 15. a4 Rac8 16. a5 bxa5 17. Rxa5 a6 18. Raa1 Nfe4 19. Nxe4 Nxe4 (19... Bxe4 $11 20. Ba3 Rfd8) 20. f3 (20. Nxe6 $16 fxe6 21. Rd7) 20... Nc5 21. Kf2 e5 22. Nc2 f6 23. g3 Rfd8 24. h4 Nb3 25. Rxd8+ $11 (25. Rd7 $2 ) 25... Rxd8 26. Rd1 (26. Rb1 $5 Nc5 27. Bc3 $11) 26... Rxd1 27. Bxd1 Kf7 28. Be2 a5 29. Ba3 Ba6 30. Bxe7 Kxe7 31. g4 Nc1 32. Bf1 Kd7 33. e4 Kc6 34. Ke3 Nb3 35. Kd3 {[%emt 0:01:40] [#]} Nc5+ $2 (35... Bxc4+ $1 $19 36. Kxc4 Nd2+ 37. Kd3 Nxf1) 36. Kc3 Ne6 37. Ne3 $1 Nd4 38. Nd5 Nxf3 39. Nxf6 h5 40. gxh5 gxh5 41. Nxh5 Nxh4 42. Nf6 Ng6 43. Kb3 Kc5 44. Ka4 Bxc4 45. Bxc4 Kxc4 46. Kxa5 Kd4 47. Kb5 Nf4 48. Kc6 Ne2 49. Kd6 Nc3 50. Nd7 Nxe4+ 51. Ke6 Ng5+ 52. Kf6 e4 53. Kf5 $2 (53. Kxg5 $11 e3 54. Kf4) 53... Kd5 $11 ({Black should try} 53... e3 $19 54. Ne5 e2 55. Nc6+ Kc5) 0-1

[Event "XVII Profigaia Open 2017"]
[Site "Gaia"]
[Date "2017.06.14"]
[Round "1"]
[White "Sousa, Hugo Carneiro"]
[Black "Filipe, Guilherme Castro"]
[Result "1-0"]
[ECO "C54"]
[WhiteElo "1877"]
[BlackElo "1145"]
[Annotator "NA RC"]
[PlyCount "73"]
[EventDate "2017.??.??"]
[EventType "swiss"]
[EventCountry "POR"]
[SourceTitle "playchess.com"]
[Source "ChessBase"]
[SourceQuality "1"]
[TimeControl "5400+30"]

1. e4 e5 2. Nf3 Nc6 3. Bc4 Bc5 4. c3 Nf6 5. d3 d6 6. Bb3 O-O 7. h3 Be6 8. Bc2 d5 9. Qe2 Qd6 10. Nbd2 d4 11. O-O Rad8 12. Rd1 Rfe8 13. Nf1 h6 14. Ng3 Rd7 15. Nh4 Ne7 16. Qf3 Red8 17. Bxh6 gxh6 18. Qxf6 Kh7 19. Nh5 Rg8 20. Qf3 Ng6 21. Nf6+ Kh8 22. Nxg8 Kxg8 23. Qg3 Kh7 24. Nxg6 fxg6 25. Bb3 Bxb3 26. axb3 dxc3 27. bxc3 Qf6 28. Qf3 Qe6 29. Qg4 Qxb3 30. Qxd7+ Kg8 31. Qd5+ Qxd5 32. exd5 Kf7 33. Rdb1 b6 34. Rxa7 Ke8 35. Rxc7 Kd8 36. Rh7 Bf8 37. Ra1 1-0

[Event "XVII Profigaia Open 2017"]
[Site "Gaia"]
[Date "2017.06.14"]
[Round "1"]
[White "Jesus, Joao Pedro Mendes D"]
[Black "Oliveira, Maria Elisa Ramos M"]
[Result "1-0"]
[ECO "C78"]
[WhiteElo "1868"]
[BlackElo "1137"]
[Annotator "NA RC"]
[PlyCount "71"]
[EventDate "2017.??.??"]
[EventType "swiss"]
[EventCountry "POR"]
[SourceTitle "playchess.com"]
[Source "ChessBase"]
[SourceQuality "1"]
[TimeControl "5400+30"]

1. e4 e5 2. Nf3 Nc6 3. Bb5 a6 4. Ba4 Nf6 5. O-O b5 6. Bb3 d6 7. Ng5 {[%emt 0:02:12] C78: Ruy Lopez: Archangelsk and Möller Defences} (7. d3 Be7 8. a3 O-O 9. Nc3 Na5 10. Ba2 Be6 11. Bd2 Bxa2 12. Rxa2 Nc6 13. a4 Rb8 14. Nd5 b4 15. Nxe7+ Nxe7 16. Bg5 Ng6 17. Nh4 {½-½ (41) Swiercz,D (2608)-Efimenko,Z (2648) Lublin 2014}) 7... Be6 8. Bxe6 fxe6 9. Nxe6 Qe7 10. Nxf8 Qxf8 11. d3 Qf7 12. Nc3 O-O 13. h3 $146 ({Predecessor:} 13. f4 exf4 14. Bxf4 Rae8 {1-0 (26) Lopez Gracia,F (2354)-Anton Caturla,A Zaragoza 2004}) 13... Ne7 14. f4 Qh5 15. Qxh5 Nxh5 16. fxe5 Rxf1+ 17. Kxf1 dxe5 18. Bg5 Rf8+ 19. Kg1 Ng6 20. Nd5 h6 21. Bd2 Rf7 22. a4 c6 23. Nb4 a5 (23... Rf6 $142 24. Nxa6 bxa4) 24. Nxc6 bxa4 25. Rxa4 Rc7 26. Rc4 Ng3 27. Kf2 Nh1+ 28. Ke3 Nf4 29. Kf3 Ne6 30. Nxe5 Rxc4 31. dxc4 Nd4+ 32. Ke3 Nxc2+ 33. Kd3 Nb4+ 34. Bxb4 axb4 35. c5 Nf2+ 36. Kd4 1-0

[Event "XVII Profigaia Open 2017"]
[Site "Gaia"]
[Date "2017.06.14"]
[Round "1"]
[White "Silva, Ana Ines Teixeira D"]
[Black "Soares, Paulo Henrique Dos "]
[Result "1-0"]
[ECO "C44"]
[WhiteElo "1775"]
[BlackElo "1908"]
[Annotator "NA"]
[PlyCount "45"]
[EventDate "2017.??.??"]
[EventType "swiss"]
[EventCountry "POR"]
[SourceTitle "playchess.com"]
[Source "ChessBase"]
[SourceQuality "1"]
[TimeControl "5400+30"]

1. e4 e5 2. Nf3 Nc6 3. d4 d6 4. dxe5 dxe5 5. Qxd8+ Nxd8 6. Nxe5 Bd6 7. Nc4 Nf6 8. e5 Bxe5 9. Nxe5 O-O 10. Be2 Re8 11. Nf3 Bg4 12. Nc3 Bxf3 13. gxf3 Nc6 14. Be3 Nb4 15. O-O-O Nfd5 16. Nxd5 Nxd5 17. Rxd5 c6 18. Rd7 Rab8 19. Bc4 b5 20. Bxf7+ Kf8 21. Bc5+ Re7 22. Rxe7 Rd8 23. Rd7# 1-0

[Event "XVII Profigaia Open 2017"]
[Site "Gaia"]
[Date "2017.06.14"]
[Round "1"]
[White "Andrade, Nuno Filipe"]
[Black "Amorim, Vicente Nuno Marque"]
[Result "1-0"]
[ECO "D02"]
[WhiteElo "1765"]
[BlackElo "1084"]
[Annotator "NA RC"]
[PlyCount "61"]
[EventDate "2017.??.??"]
[EventType "swiss"]
[EventCountry "POR"]
[SourceTitle "playchess.com"]
[Source "ChessBase"]
[SourceQuality "1"]
[TimeControl "5400+30"]

1. d4 d5 2. Nf3 e6 3. g3 Nf6 4. Bg2 Nc6 5. O-O Bd7 6. Nbd2 Bd6 7. c4 O-O 8. b3 Ng4 9. Bb2 Qf6 10. e4 Be7 11. cxd5 exd5 12. exd5 Nb4 13. Ne5 Nxe5 14. dxe5 Qf5 15. Be4 Qh3 16. a3 Na6 17. d6 cxd6 18. exd6 Bxd6 19. Nc4 Nc5 20. Bg2 Qe6 21. Bd5 Qe7 22. Nxd6 Be6 23. Bxe6 Qxe6 24. Qd4 Qf6 25. Qxf6 gxf6 26. Bxf6 Nxb3 27. Nf5 Rfe8 28. Rab1 Nd2 29. Rxb7 Nxf1 30. Nh6+ Kf8 31. Rxf7# 1-0

[Event "XVII Profigaia Open 2017"]
[Site "Gaia"]
[Date "2017.06.14"]
[Round "1"]
[White "Fernandes, Claudio Micael Sous"]
[Black "Donghi, Fabio"]
[Result "1-0"]
[ECO "B77"]
[WhiteElo "1661"]
[BlackElo "1519"]
[Annotator "NA"]
[PlyCount "41"]
[EventDate "2017.??.??"]
[EventType "swiss"]
[EventCountry "POR"]
[SourceTitle "playchess.com"]
[Source "ChessBase"]
[SourceQuality "1"]
[TimeControl "5400+30"]

1. e4 c5 2. Nf3 d6 3. d4 cxd4 4. Nxd4 Nf6 5. Nc3 g6 6. Be3 Bg7 7. f3 O-O 8. Bc4 Nc6 9. Qd2 Qc7 10. Bb3 Bd7 11. O-O-O Rab8 12. h4 Nxd4 13. Bxd4 b5 14. h5 Nxh5 15. Bxg7 Kxg7 16. g4 Nf6 17. Qh6+ Kg8 18. Nd5 Rfc8 19. Nxf6+ exf6 20. Qxh7+ Kf8 21. Qxf7# 1-0

[Event "XVII Profigaia Open 2017"]
[Site "Gaia"]
[Date "2017.06.14"]
[Round "1"]
[White "Freitas, Ruben Manuel"]
[Black "Camara Albino, Gustavo Felipe De"]
[Result "1-0"]
[ECO "C77"]
[WhiteElo "1636"]
[BlackElo "1779"]
[Annotator "NA RC"]
[PlyCount "99"]
[EventDate "2017.??.??"]
[EventType "swiss"]
[EventCountry "POR"]
[SourceTitle "playchess.com"]
[Source "ChessBase"]
[SourceQuality "1"]
[TimeControl "5400+30"]

1. e4 e5 2. Nf3 Nc6 3. Bb5 a6 4. Ba4 Nf6 5. d3 b5 6. Bb3 Be7 7. c3 d5 8. exd5 Nxd5 9. O-O Bg4 10. h3 Bh5 11. Be3 Nxe3 12. fxe3 Na5 13. Bc2 Qd5 14. Nbd2 O-O 15. Qe1 Qe6 16. Qg3 Bxf3 17. Nxf3 c5 18. Qxe5 Qxe5 19. Nxe5 Bf6 20. Nd7 Rfd8 21. Nxf6+ gxf6 22. Rxf6 Re8 23. e4 Rad8 24. Raf1 Re7 25. Rxa6 Nb7 26. Rb6 Nd6 27. Rf6 Red7 28. a4 bxa4 29. Bxa4 Kg7 30. e5 Re7 31. Rbxd6 Rxd6 32. Rxd6 Rxe5 33. d4 cxd4 34. Rxd4 Ra5 35. Bc2 Ra1+ 36. Kf2 Rc1 37. Rd2 Kf6 38. b4 Ke6 39. b5 Ra1 40. c4 Ra8 41. b6 Rb8 42. c5 Rc8 43. b7 Rb8 44. c6 Rxb7 45. cxb7 Ke5 46. b8=Q+ Kf6 47. Rd6+ Ke5 48. Rh6+ Kd4 49. Qb4+ Ke5 50. Qd6# {Kd5} 1-0

[Event "XVII Profigaia Open 2017"]
[Site "Gaia"]
[Date "2017.06.14"]
[Round "1"]
[White "Marques Montolio, Luis"]
[Black "Pintor, Simao Maciel Abranc"]
[Result "0-1"]
[ECO "B52"]
[WhiteElo "1596"]
[BlackElo "2022"]
[Annotator "NA RC"]
[PlyCount "96"]
[EventDate "2017.??.??"]
[EventType "swiss"]
[EventCountry "POR"]
[SourceTitle "playchess.com"]
[Source "ChessBase"]
[SourceQuality "1"]
[TimeControl "5400+30"]

1. e4 c5 2. Nf3 d6 3. Bb5+ Bd7 4. Bxd7+ Nxd7 5. O-O Ngf6 6. d3 g6 {[%emt 0:00:29] B52: Sicilian: Moscow Variation with 3...Bd7} (6... e6 7. b3 g6 8. Bb2 Bg7 9. Nbd2 O-O 10. h3 b5 11. c4 a6 12. Nh2 e5 13. Ng4 Nh5 14. g3 b4 {½-½ (24) Oral,T (2506)-Hracek,Z (2609) Czech Republic 2016}) 7. Nc3 Bg7 8. Bg5 O-O 9. Re1 h6 10. Be3 Ng4 11. Qd2 Nxe3 $146 ({Predecessor:} 11... a6 12. h3 Nxe3 13. Rxe3 {½-½ (48) Matxin Maldonado,J-Adrian Abad,M (1571) Pamplona 2014}) 12. Qxe3 Rb8 13. a3 b5 14. Rab1 b4 15. axb4 Rxb4 16. h3 e6 17. Qd2 Qf6 18. Nh2 h5 19. Red1 (19. Nf3 $11 {keeps the balance.}) 19... Rfb8 20. Ra1 Rxb2 21. Rxa7 Qxc3 22. Qxc3 Bxc3 23. Rxd7 R8b6 24. Nf3 Bf6 25. Rc1 Ra2 26. g3 Kf8 27. Nd2 (27. e5 $1 $11 Bxe5 28. Nxe5 dxe5 29. Rc7) 27... Ke8 28. Nc4 Kxd7 29. Nxb6+ Kc6 30. Nc4 h4 31. Kg2 hxg3 32. Kxg3 d5 33. exd5+ exd5 34. Ne3 Bb2 35. Re1 Be5+ 36. Kg2 Bf4 37. Re2 Bxe3 38. fxe3 d4 (38... c4 $5 39. Rf2 Kc5 $15) 39. Kf3 Kd6 40. exd4 cxd4 41. Ke4 Kc5 42. Rf2 Ra7 43. Rg2 Re7+ 44. Kf3 Kb4 45. Rg4 $2 (45. Kf4 $11) 45... Re3+ 46. Kg2 Kc3 47. Kf2 Rxh3 48. Ke2 Rh2+ $19 0-1

[Event "XVII Profigaia Open 2017"]
[Site "Gaia"]
[Date "2017.06.14"]
[Round "1"]
[White "Silva, Joao Miguel Carvalh"]
[Black "Antao, Jorge"]
[Result "0-1"]
[ECO "C02"]
[WhiteElo "1502"]
[BlackElo "1873"]
[Annotator "NA RC"]
[PlyCount "44"]
[EventDate "2017.??.??"]
[EventType "swiss"]
[EventCountry "POR"]
[SourceTitle "playchess.com"]
[Source "ChessBase"]
[SourceQuality "1"]
[TimeControl "5400+30"]

1. e4 e6 2. d4 d5 3. e5 a6 4. Nf3 Bd7 5. Bf4 c5 6. c3 Qb6 7. Qc2 Nc6 8. Nbd2 Rc8 9. Bd3 cxd4 10. Bxh7 {[#]} (10. O-O $17) 10... dxc3 ({But not} 10... Nb4 11. Qb3) (10... Nge7 $1 $19 11. Ng5 dxc3 12. bxc3 {[#]} Nd4 $1 ) 11. bxc3 Nge7 12. Bd3 $2 {[#]} (12. Rb1 $17 {is the only way for White.} Qc7 13. Bd3) 12... Nb4 $1 13. Qb1 Nxd3+ 14. Qxd3 Bb5 15. Qd4 (15. Qb1 {was worth a try.} Ng6 16. Be3) 15... Qc7 16. Rc1 $2 (16. c4 Bxc4 17. Nxc4 dxc4 18. O-O) 16... Nf5 17. Qa7 Bc5 18. Qxc5 Qxc5 19. Nb3 Qc4 20. Rc2 Qxf4 21. Na5 Rc7 22. Rb2 Qc1# 0-1

[Event "XVII Profigaia Open 2017"]
[Site "Gaia"]
[Date "2017.06.14"]
[Round "1"]
[White "Couto, Gaspar Sousa"]
[Black "Andrade Sandoval, Jim Carlos"]
[Result "0-1"]
[ECO "B48"]
[WhiteElo "1182"]
[BlackElo "1971"]
[Annotator "NA RC"]
[PlyCount "88"]
[EventDate "2017.??.??"]
[EventType "swiss"]
[EventCountry "POR"]
[SourceTitle "playchess.com"]
[Source "ChessBase"]
[SourceQuality "1"]
[TimeControl "5400+30"]

1. e4 c5 2. Nf3 e6 3. d4 cxd4 4. Nxd4 Nc6 5. Nc3 Qc7 6. Be3 a6 7. a4 Nf6 8. Be2 {[%emt 0:02:09] B48: Sicilian: Taimanov: 5 Nc3 Qc7 6 Be3 a6 without Be2} (8. Nxc6 bxc6 9. Bd3 Rb8 10. Rb1 Bb4 11. O-O d5 12. exd5 cxd5 13. Bd4 Bc5 14. Bxf6 gxf6 15. Qg4 Kf8 {0-1 (69) Capellades Subirana,M (2199)-Andersen,M (2467) Barcelona 2015}) 8... Bb4 9. Bd3 Ne5 10. Bd2 Nc4 11. Nb1 $146 ({Predecessor:} 11. h3 Nxb2 12. Qc1 Bxc3 13. Nf3 Bxd2+ 14. Qxd2 Nxd3+ 15. cxd3 d6 {0-1 (29) Detelic,M (1495)-Ljikar,T (1793) Valpovo 2011}) 11... Bxd2+ (11... Nxb2 $17 12. Qe2 Nxd3+ 13. Qxd3 Bc5) 12. Nxd2 Nxb2 13. Qb1 Nxd3+ 14. cxd3 d5 15. O-O O-O 16. Rc1 Qf4 17. N4f3 Rb8 18. Rc5 (18. g3 $11 Qh6 19. Rc7) 18... Bd7 (18... Nd7 $5 19. Rc3 Ne5 $17) 19. e5 Ng4 20. d4 {[%emt 0:00:36] [#]} (20. Qb2 $15) 20... Nxh2 $1 21. Rc7 Nxf3+ 22. Nxf3 Bc6 23. Qb6 h5 24. Qb2 g5 25. Nd2 g4 26. Nb3 Rbc8 27. Rxc8 Rxc8 28. Nc5 Kg7 29. Rd1 (29. g3 $142 Qg5 30. Qc1) 29... h4 30. Qb3 Rh8 31. Rd3 {[%emt 0:00:46] [#]} Qc1+ (31... h3 $142 $1 32. gxh3 Rxh3 33. Rxh3 gxh3 34. Qxh3 Qxd4 35. Qg3+ Kf8) 32. Rd1 Qh6 33. Rd3 {[%emt 0:00:42] [#]} (33. a5 $142) 33... g3 $1 34. fxg3 $2 (34. Qc3) 34... h3 35. Qd1 hxg2 36. Kxg2 Qh3+ 37. Kf2 Rh5 (37... b6 $142 38. Nxa6 Qh2+ 39. Ke3 {[#]} Bxa4 $1 ) 38. g4 (38. Rf3 $142) 38... Qh2+ 39. Ke1 Rh4 40. Qf3 Qg1+ (40... Kg8 $142 41. Nb3 Bxa4) 41. Kd2 $2 (41. Qf1 Qxg4 42. Kd2) 41... Rh2+ 42. Kc3 Qe1+ 43. Kb3 Qb1+ 44. Ka3 Ra2# 0-1

[Event "XVII Profigaia Open 2017"]
[Site "Gaia"]
[Date "2017.06.14"]
[Round "1"]
[White "Figueiredo, Jorge"]
[Black "Silva, Mariana Sofia T"]
[Result "0-1"]
[ECO "B32"]
[WhiteElo "1176"]
[BlackElo "1922"]
[Annotator "NA"]
[PlyCount "38"]
[EventDate "2017.??.??"]
[EventType "swiss"]
[EventCountry "POR"]
[SourceTitle "playchess.com"]
[Source "ChessBase"]
[SourceQuality "1"]
[TimeControl "5400+30"]

1. e4 c5 2. Nf3 Nc6 3. d4 cxd4 4. Nxd4 g6 5. Bb5 Bg7 6. Nxc6 bxc6 7. Bc4 Nf6 8. Nc3 O-O {[%emt 0:03:13] B34: Sicilian: Accelerated Dragon with 5 Nc3: sidelines} 9. O-O d6 10. h3 (10. Bg5 Rb8 11. Rb1 h6 12. Bd2 d5 13. exd5 cxd5 14. Bb3 d4 15. Ne2 Ne4 {0-1 (48) Gildred,T (2000)-Hase,M (2516) Chessfriend.com 2003}) 10... Nd7 $146 ({Predecessor:} 10... Rb8 11. Bb3 Bb7 12. Rb1 Qc7 13. Re1 {0-1 (56) Janekovic,V (1636)-Thiery,J (1883) Germany 2015}) 11. Qf3 Ne5 12. Qe2 Nxc4 13. Qxc4 Qb6 14. Rd1 Be6 15. Qd3 Rab8 ({Better is} 15... f5 $17 16. Qe2 Rf7) 16. b3 d5 17. exd5 cxd5 18. Rb1 (18. Bb2 $11) 18... Bf5 19. Qf3 (19. Qd2 $142 Bxc3 20. Qxc3) 19... Bxc2 $19 0-1

[Event "XVII Profigaia Open 2017"]
[Site "Gaia"]
[Date "2017.06.14"]
[Round "1"]
[White "Duarte, Francisco"]
[Black "Figueiredo, Bruno"]
[Result "0-1"]
[ECO "D80"]
[WhiteElo "1154"]
[BlackElo "1914"]
[Annotator "NA RC"]
[PlyCount "34"]
[EventDate "2017.??.??"]
[EventType "swiss"]
[EventCountry "POR"]
[SourceTitle "playchess.com"]
[Source "ChessBase"]
[SourceQuality "1"]
[TimeControl "5400+30"]

1. d4 Nf6 2. c4 g6 3. Nc3 d5 4. Bg5 Ne4 5. Nxe4 dxe4 6. f3 Bg7 7. e3 c5 8. Ne2 cxd4 9. exd4 {[%emt 0:00:29] [#]} exf3 $1 10. gxf3 Nc6 11. d5 Ne5 12. Qc2 $2 (12. Nc3 $17) 12... Nxf3+ 13. Kf2 Nxg5 14. h4 Bf5 15. Qb3 Ne4+ 16. Ke1 Qa5+ $19 17. Kd1 Qd2# 0-1